Workbook

Sheet 2023-24
A1: PILTON, STOKE DOYLE and WADENHOE PARISH COUNCIL
A2: April 2023 – March 2024
B3: Payments & Receipts | D3: Box 2 - Income | E3: Box 3 - Income | F3: Box 4 - Expenditure | G3: <---------------Box 6 - Expenditure--------------->
A4: DATE | B4: PAYEE | C4: CHQ NO | D4: Precept | E4: Other Receipts | F4: Staff Costs | G4: Other Costs | H4: Mileage | I4: VAT | J4: TOTAL | K4: BANK
A5: 45017 | B5: Opening Balance | J5: ='2022-23'!J30 -> 4919.3 | K5: Agreed to Bank Statement 272 - 31 March 2023
A6: 45022 | B6: HMRC | C6: 604 | F6: 134.8 | J6: =J5+D6+E6-F6-G6-H6-I6 -> 4784.5
A7: 45022 | B7: John Essam Payroll | C7: 605 | G7: 121.2 | J7: =J6+D7+E7-F7-G7-H7-I7 -> 4663.3
A8: 45042 | B8: Precept | D8: 5844 | J8: =J7+D8+E8-F8-G8-H8-I8 -> 10507.3
A9: 45062 | B9: H Soans Salary & ICO | C9: 606 | F9: 359.46 | G9: 40 | J9: =J8+D9+E9-F9-G9-H9-I9 -> 10107.84
A10: 45062 | B10: Ian Arnott Auditor | C10: 607 | G10: 75 | J10: =J9+D10+E10-F10-G10-H10-I10 -> 10032.84
A11: 45062 | B11: NCALC | C11: 608 | G11: 233.88 | J11: =J10+D11+E11-F11-G11-H11-I11 -> 9798.96
A12: 45078 | B12: The Broker Network - Insurance | C12: 609 | G12: 365 | J12: =J11+D12+E12-F12-G12-H12-I12 -> 9433.96
A13: 45110 | B13: H Soans Salary | C13: 610 | F13: 359.46 | J13: =J12+D13+E13-F13-G13-H13-I13 -> 9074.5
A14: 45110 | B14: HMRC | C14: 611 | F14: 134.6 | J14: =J13+D14+E14-F14-G14-H14-I14 -> 8939.9
A15: 45110 | B15: John Essam Payroll | C15: 612 | G15: 60 | J15: =J14+D15+E15-F15-G15-H15-I15 -> 8879.9
B16: Spanglefish | C16: 613 | G16: 39.95 | J16: =J15+D16+E16-F16-G16-H16-I16 -> 8839.95
A17: 45180 | B17: H Soans Salary | C17: 614 | F17: 359.46 | J17: =J16+D17+E17-F17-G17-H17-I17 -> 8480.49
A18: 45193 | B18: HMRC | C18: 615 | F18: 134.8 | J18: =J17+D18+E18-F18-G18-H18-I18 -> 8345.69
A19: 45243 | B19: H Soans Salary | C19: 616 | F19: 359.46 | J19: =J18+D19+E19-F19-G19-H19-I19 -> 7986.23
A20: 45243 | B20: Stoke Doyle Churchyard Maintenance Rent | C20: 617 | G20: 150 | J20: =J19+D20+E20-F20-G20-H20-I20 -> 7836.23
A21: 45243 | B21: Wadenhoe Churchyard Maintenance | C21: 618 | G21: 150 | J21: =J20+D21+E21-F21-G21-H21-I21 -> 7686.23
A22: 45243 | B22: Pilton Churchyard Maintenance | C22: 619 | G22: 150 | J22: =J21+D22+E22-F22-G22-H22-I22 -> 7536.23 | K22: s/b £7536.23 01/12/2023
A23: 45243 | B23: void Cheque | C23: 620 | J23: =J22+D23+E23-F23-G23-H23-I23 -> 7536.23
A24: 45299 | B24: H Soans FinaL salary (inc.back pay) | C24: 621 | F24: 696.38 | J24: =J23+D24+E24-F24-G24-H24-I24 -> 6839.85
A25: 45299 | B25: void Cheque | C25: 622 | J25: =J24+D25+E25-F25-G25-H25-I25 -> 6839.85
A26: 45299 | B26: CPRE | C26: 623 | G26: 36 | J26: =J25+D26+E29-F26-G25-H26-I26 -> 6839.85
A27: 45299 | B27: HMRC | C27: 624 | G27: 134.6 | J27: =J26+D27+E27-F27-G27-H27-I27 -> 6705.25
J28: =J27+D28+E28-F28-G28-H28-I28 -> 6705.25
B30: TOTALS | D30: =SUM(D6:D29) -> 5844 | E30: =SUM(E6:E29) -> 0 | F30: =SUM(F6:F29) -> 2538.42 | G30: =SUM(G6:G29) -> 1555.63 | H30: =SUM(H6:H29) -> 0 | I30: =SUM(I6:I29) -> 0 | J30: =J5+D30+E30-F30-G30-H30-I30 -> 6669.25 | K30: Agreed to Bank Statement - 31st March 2024
A32: RECEIPTS
A33: Date | E33: BANK INT | J33: TOTAL
A34: =A5 -> 45017 | B34: Opening Balance | J34: ='2022-23'!J47 -> 745.74 | K34: Agreed to Bank Statement 137 - 31st March 2023
A35: April | B35: Interest | E35: 0.58 | J35: =J34+E35 -> 746.32
A36: May | B36: Interest | E36: 0.73 | J36: =J35+E36 -> 747.05
A37: June | B37: Interest | E37: 0.71 | J37: =J36+E37 -> 747.76
A38: July | B38: Interest | E38: 0.84 | J38: =J37+E38 -> 748.6
A39: August | B39: Interest | E39: 0.89 | J39: =J38+E39 -> 749.49
A40: September | B40: Interest | E40: 0.86 | J40: =J39+E40 -> 750.35
A41: October | B41: Interest | E41: 0.95 | J41: =J40+E41 -> 751.3
A42: November | B42: Interest | E42: 0.9 | J42: =J41+E42 -> 752.2 | K42: 45261
A43: December | B43: Interest | E43: 0.87 | J43: =J42+E43 -> 753.07
A44: January | B44: Interest | E44: 0.99 | J44: =J43+E44 -> 754.06
A45: February | B45: Interest | E45: 0.87 | J45: =J44+E45 -> 754.93
A46: March | B46: Interest | E46: 0.84 | J46: =J45+E46 -> 755.77
B47: TOTALS | E47: =SUM(E35:E46) -> 10.03 | J47: =J34+E47 -> 755.77 | K47: Agreed to Bank Statement 137 - 31st March 2023
B49: Grand Totals | D49: =D30+D47 -> 5844 | E49: =E30+E47 -> 10.03 | F49: =F30+F47 -> 2538.42 | G49: =G30+G47 -> 1555.63 | H49: =H30+H47 -> 0 | I49: =I30+I47 -> 0 | J49: =J30+J47 -> 7425.02
A52: PILTON, STOKE DOYLE AND WADENHOE PARISH COUNCIL
A54: Accounts for the Year End 31 March 2024
A56: BANK RECONCILIATION
A58: SUMMARY OF RECEIPTS & PAYMENTS | F58: CLOSING BANK POSITION
A60: As at 1 Apr 2023 | F60: As at 31/03/2024
A61: NatWest | F61: NatWest
A62: Current Account | D62: =J5 -> 4919.3 | F62: Current Account | J62: =J30 -> 6669.25
A63: Deposit Account | D63: =J34 -> 745.74 | F63: Deposit Account | J63: =J47 -> 755.77
B64: Total | D64: =SUM(D62:D63) -> 5665.04 | J64: =SUM(J62:J63) -> 7425.02
F65: Less Unpresented Cheques ? | H65: N/A
A69: BALANCE | B69: Certificate of Exemption | D69: =D64-D68 -> 5665.04
A70: Receipts | B70: This year | D70: =D49+E49 -> 5854.03
A71: Sub Total | D71: =SUM(D69:D70) -> 11519.07 | J71: =SUM(J66:J68) -> 0
A72: Payments | B72: This year | D72: =F49+G49+H49+I49 -> 4094.05 | J72: =J64-J71 -> 7425.02
B74: 31st Mar 2023 | D74: =D71-D72 -> 7425.02 | F74: BALANCE | G74: 31st Mar 2024 | J74: =J72 -> 7425.02
A76: Reconciled by: Chairman Richard Lea.....................................Interim Clerk: Carew Treffgarne.................................................Date: 13 May 2024
D81: 2022/23 | E81: 2023/24
A82: Box 1 | B82: Balance B/Fwd | D82: ='2022-23'!E82 -> 4204.12 | E82: =D88 -> 5665.1
A83: Box 2 | B83: Precept | D83: ='2022-23'!E83 -> 5844 | E83: =D49 -> 5844
A84: Box 3 | B84: Total Other Receipts | D84: ='2022-23'!E84 -> 3.25 | E84: =E49 -> 10.03
A85: Box 4 | B85: Staff Costs | D85: ='2022-23'!E85 -> 2867.17 | E85: =F49 -> 2538.42
A86: Box 5 | B86: Loan/Interest/Capital Repayments | D86: ='2022-23'!E86 -> 0 | E86: 0
A87: Box 6 | B87: All Other Payments | D87: ='2022-23'!E87 -> 1519.1 | E87: =G49+H49+I49 -> 1555.63
A88: Box 7 | B88: Balance C/Fwd | D88: ='2022-23'!E88 -> 5665.1 | E88: =E82+E83+E84-E85-E86-E87 -> 7425.08
A89: Box 8 | B89: Total Value of Cash | D89: ='2022-23'!E89 -> 5665.04 | E89: =J74 -> 7425.02
A90: Box 9 | B90: Total Fixed Assets | D90: ='2022-23'!E90 -> 625 | E90: 3060
A91: Box 10 | B91: Total Borrowings | D91: ='2022-23'!E91 -> 0 | E91: 0

Sheet 2022-23
A1: PILTON, STOKE DOYLE and WADENHOE PARISH COUNCIL
A2: April 2022 – March 2023
B3: Payments & Receipts | D3: Box 2 - Income | E3: Box 3 - Income | F3: Box 4 - Expenditure | G3: <---------------Box 6 - Expenditure--------------->
A4: DATE | B4: PAYEE | C4: CHQ NO | D4: Precept | E4: Other Receipts | F4: Staff Costs | G4: Other Costs | H4: Mileage | I4: VAT | J4: TOTAL | K4: BANK
A5: 44652 | B5: Opening Balance | J5: ='2021-22'!H34 -> 3461.57 | K5: Agreed with Bank Statement 261 - £4,002.47 Less Cheques 578, 579, 580
A6: 44652 | B6: HMRC | C6: 581 | F6: 132.4 | J6: =J5+D6+E6-F6-G6-H6-IF6 -> 3329.17
A7: 44663 | B7: John Essam Payroll | C7: 582 | G7: 101 | I7: 20.2 | J7: =J6+D7+E7-F7-G7-H7-I7 -> 3207.97
A8: 44663 | B8: Richard Dowling | C8: 583 | G8: 120 | J8: =J7+D8+E8-F8-G8-H8-I8 -> 3087.97
A9: 44679 | B9: NCC Precept | D9: 5844 | J9: =J8+D9+E9-F9-G9-H9-I9 -> 8931.97
A10: 44689 | B10: H Soans Salary | C10: 584 | F10: 363.07 | G10: 40 | J10: =J9+D10+E10-F10-G10-H10-I10 -> 8528.9
A11: 44690 | B11: Auditor | C11: 585 | G11: 75 | J11: =J10+D11+E11-F11-G11-H11-I11 -> 8453.9
A12: 44711 | B12: Broker Network Insurance | C12: 586 | G12: 355 | J12: =J11+D12+E12-F12-G12-H12-I12 -> 8098.9
A13: 44753 | B13: H Soans Salary & ICO | C13: 587 | F13: 399.46 | J13: =J12+D13+E13-F13-G13-H13-I13 -> 7699.44
A14: 44753 | B14: HMRC | C14: 588 | F14: 144 | J14: =J13+D14+E14-F14-G14-H14-I14 -> 7555.44
A15: 44753 | B15: NCALC Membership | C15: 589 | G15: 232.35 | J15: =J14+D15+E15-F15-G15-H15-I15 -> 7323.09
A16: 44781 | B16: Spanglefish | C16: 590 | G16: 24.96 | I16: 4.99 | J16: =J15+D16+E16-F16-G16-H16-I16 -> 7293.14
A17: 44781 | B17: Stoke Doyle Church Rent | C17: 591 | G17: 25 | J17: =J16+D17+E17-F17-G17-H17-I17 -> 7268.14
A18: 44829 | B18: H Soans Salary | C18: 592 | F18: 359.06 | J18: =J17+D18+E18-F18-G18-H18-I18 -> 6909.08
A19: 44829 | B19: HMRC | C19: 593 | F19: 134.8 | J19: =J18+D19+E19-F19-G19-H19-I19 -> 6774.28
A20: 44829 | B20: Stoke Doyle Church Rent | C20: 594 | G20: 25 | J20: =J19+D20+E20-F20-G20-H20-I20 -> 6749.28
A21: 44879 | B21: CPRE Membership | C21: 595 | G21: 36 | J21: =J20+D21+E21-F21-G21-H21-I21 -> 6713.28
A22: 44879 | B22: H Soans Salary | C22: 596 | F22: 480.86 | J22: =J21+D22+E22-F22-G22-H22-I22 -> 6232.42
A23: 44935 | B23: H Soans Salary | C23: 597 | F23: 359.46 | J23: =J22+D23+E23-F23-G23-H23-I23 -> 5872.96
A24: 44935 | B24: HMRC | C24: 598 | F24: 134.6 | J24: =J23+D24+E24-F24-G24-H24-I24 -> 5738.36
A25: 44935 | B25: NCALC VAT Invoice | C25: 599 | I25: 9.6 | J25: =J24+D25+E25-F25-G25-H25-I25 -> 5728.76
A26: 44935 | B26: Pilton Churchyard Maintenance | C26: 600 | G26: 150 | J26: =J25+D26+E26-F26-G26-H26-I26 -> 5578.76
A27: 44935 | B27: Wadenhoe Churchyard Maintenance | C27: 601 | G27: 150 | J27: =J26+D27+E27-F27-G27-H27-I27 -> 5428.76
A28: 44935 | B28: Stoke Doyle Churchyard Maintenance | C28: 602 | G28: 150 | J28: =J27+D28+E28-F28-G28-H28-I28 -> 5278.76
A29: 44998 | B29: H Soans Salary | C29: 603 | F29: 359.46 | J29: =J28+D29+E29-F29-G29-H29-I29 -> 4919.3
B30: TOTALS | D30: =SUM(D6:D29) -> 5844 | E30: =SUM(E6:E29) -> 0 | F30: =SUM(F6:F29) -> 2867.17 | G30: =SUM(G6:G29) -> 1484.31 | H30: =SUM(H6:H29) -> 0 | I30: =SUM(I6:I29) -> 34.79 | J30: =J5+D30+E30-F30-G30-H30-I30 -> 4919.3 | K30: Agreed to Bank Satement 272 - 31st March 2023 | O30: 4919.3
A32: RECEIPTS
A33: Date | E33: BANK INT | J33: TOTAL
A34: =A5 -> 44652 | B34: Opening Balance | J34: ='2021-22'!H51 -> 742.49 | K34: Agreed to Bank Satement 125 - 31st March 2022
A35: April | B35: Interest | E35: 0.05 | J35: =J34+E35 -> 742.54
A36: May | B36: Interest | E36: 0.06 | J36: =J35+E36 -> 742.6
A37: June | B37: Interest | E37: 0.06 | J37: =J36+E37 -> 742.66
A38: July | B38: Interest | E38: 0.06 | J38: =J37+E38 -> 742.72
A39: August | B39: Interest | E39: 0.07 | J39: =J38+E39 -> 742.79
A40: September | B40: Interest | E40: 0.13 | J40: =J39+E40 -> 742.92
A41: October | B41: Interest | E41: 0.24 | J41: =J40+E41 -> 743.16
A42: November | B42: Interest | E42: 0.43 | J42: =J41+E42 -> 743.59
A43: December | B43: Interest | E43: 0.49 | J43: =J42+E43 -> 744.08
A44: January | B44: Interest | E44: 0.52 | J44: =J43+E44 -> 744.6
A45: February | B45: Interest | E45: 0.51 | J45: =J44+E45 -> 745.11
A46: March | B46: Interest | E46: 0.63 | J46: =J45+E46 -> 745.74
B47: TOTALS | E47: =SUM(E35:E46) -> 3.25 | J47: =J34+E47 -> 745.74 | K47: Agreed to Bank Satement 137 - 31st March 2023
B49: Grand Totals | D49: =D30+D47 -> 5844 | E49: =E30+E47 -> 3.25 | F49: =F30+F47 -> 2867.17 | G49: =G30+G47 -> 1484.31 | H49: =H30+H47 -> 0 | I49: =I30+I47 -> 34.79 | J49: =J30+J47 -> 5665.04
A52: PILTON, STOKE DOYLE AND WADENHOE PARISH COUNCIL
A54: Accounts for the Year End 31 March 2023
A56: BANK RECONCILIATION
A58: SUMMARY OF RECEIPTS & PAYMENTS | F58: CLOSING BANK POSITION
A60: As at 1 Apr 2022 | F60: 45016
A61: NatWest | F61: NatWest
A62: Current Account | D62: =J5 -> 3461.57 | F62: Current Account | J62: =J30 -> 4919.3
A63: Deposit Account | D63: =J34 -> 742.49 | F63: Deposit Account | J63: =J47 -> 745.74
B64: Total | D64: =SUM(D62:D63) -> 4204.06 | J64: =SUM(J62:J63) -> 5665.04
F65: Less Unpresented Cheques ? | H65: N/A
A69: BALANCE | B69: Certificate of Excemption | D69: =D64-D68 -> 4204.06
A70: Receipts | B70: This year | D70: =D49+E49 -> 5847.25
A71: Sub Total | D71: =SUM(D69:D70) -> 10051.31 | J71: =SUM(J66:J68) -> 0
A72: Payments | B72: This year | D72: =F49+G49+H49+I49 -> 4386.27 | J72: =J64-J71 -> 5665.04
B74: As at 31 Mar 2022 | D74: =D71-D72 -> 5665.04 | F74: BALANCE | J74: =J72 -> 5665.04
A76: Reconciled by: Chairman...................................................Clerk.................................................Date:
A77: Karen Pollock Hanneke Soans
D81: 2021/22 | E81: 2022/23
A82: Box 1 | B82: Balance B/Fwd | D82: ='2021-22'!E86 -> 3504.65 | E82: =D88 -> 4204.12
A83: Box 2 | B83: Precept | D83: ='2021-22'!E87 -> 5565 | E83: =D49 -> 5844
A84: Box 3 | B84: Total Other Receipts | D84: ='2021-22'!E88 -> 176 | E84: =E49 -> 3.25
A85: Box 4 | B85: Staff Costs | D85: ='2021-22'!E89 -> 2579.65 | E85: =F49 -> 2867.17
A86: Box 5 | B86: Loan/Interest/Capital Repayments | D86: ='2021-22'!E90 -> 0 | E86: 0
A87: Box 6 | B87: All Other Payments | D87: ='2021-22'!E91 -> 2461.88 | E87: =G49+H49+I49 -> 1519.1
A88: Box 7 | B88: Balance C/Fwd | D88: ='2021-22'!E92 -> 4204.12 | E88: =E82+E83+E84-E85-E86-E87 -> 5665.1
A89: Box 8 | B89: Total Value of Cash | D89: ='2021-22'!E93 -> 4204.06 | E89: =J74 -> 5665.04
A90: Box 9 | B90: Total Fixed Assets | D90: ='2021-22'!E94 -> 625 | E90: 625
A91: Box 10 | B91: Total Borrowings | D91: ='2021-22'!E95 -> 0 | E91: 0

Sheet 2021-22
A1: PILTON, STOKE DOYLE and WADENHOE PARISH COUNCIL
A2: April 2021 – March 2022
B3: Payments & Receipts | D3: Box 2 - Income | E3: Box 3 - Income | F3: Box 4 - Expenditure | G3: Box 6 - Expenditure
A4: DATE | B4: PAYEE | C4: CHQ NO | D4: Precept | E4: Other Receipts | F4: Staff Costs | G4: Other Costs | H4: TOTAL | I4: BANK
A5: 44287 | B5: Opening Balance | H5: ='2020-21'!H39 -> 2762.1 | I5: Agreed with Bank Statement 251 - £3,191.70 Less Cheques 547, 548, 557, 558
A6: 44319 | B6: chq no 547 never presented | C6: 547 | E6: 40 | H6: =H5+D6+E6-F6-G6 -> 2802.1
B7: Chq no 548 Village Hall Rent | C7: 548 | E7: 136 | H7: =H6+D7+E7-F7-G7 -> 2938.1
A8: 44314 | B8: NCC Precept | D8: 5565 | H8: =H7+D8+E8-F8-G8 -> 8503.1
A9: 44326 | B9: NCALC Annual Invoice | C9: 559 | G9: 233.43 | H9: =H8+D9+E9-F9-G9 -> 8269.67
A10: 44326 | B10: Annual insurance renewal | C10: 560 | G10: 218 | H10: =H9+D10+E10-F10-G10 -> 8051.67
A11: 44326 | B11: Ian Arnott Auditor | C11: 561 | G11: 75 | H11: =H10+D11+E11-F11-G11 -> 7976.67
A12: 44326 | B12: H Soans Salary & Mileage | C12: 562 | F12: 369.14 | H12: =H11+D12+E12-F12-G12 -> 7607.53
A13: 44389 | B13: H Soans Salary & Mileage | C13: 563 | F13: 392.23 | H13: =H12+D13+E13-F13-G13 -> 7215.3
A14: 44389 | B14: Pettitt Joinery Wadenhoe Noticeboard | C14: 564 | G14: 441.6 | H14: =H13+D14+E14-F14-G14 -> 6773.7
A15: 44389 | B15: HMRC | C15: 565 | F15: 142.2 | H15: =H14+D15+E15-F15-G15 -> 6631.5
A16: 44389 | B16: Spanglefish | C16: 566 | G16: 29.95 | H16: =H15+D16+E16-F16-G16 -> 6601.55
A17: 44452 | B17: H Soans Salary | C17: 567 | F17: 352.46 | H17: =H16+D17+E17-F17-G17 -> 6249.09
A18: 44454 | B18: HMRC | C18: 568 | F18: 132.4 | H18: =H17+D18+E18-F18-G18 -> 6116.69
A19: 44508 | B19: H Soans Salary | C19: 569 | F19: 352.94 | H19: =H18+D19+E19-F19-G19 -> 5763.75
A20: 44539 | B20: Gary Brennan - Pilton Noticeboard | C20: 570 | G20: 435 | H20: =H19+D20+E20-F20-G20 -> 5328.75
A21: 44539 | B21: Pilton Church | C21: 571 | G21: 150 | H21: =H20+D21+E21-F21-G21 -> 5178.75
A22: 44539 | B22: Stoke Doyle Church | C22: 572 | G22: 150 | H22: =H21+D22+E22-F22-G22 -> 5028.75
A23: 44539 | B23: Wadenhoe Church | C23: 573 | G23: 150 | H23: =H22+D23+E23-F23-G23 -> 4878.75
A24: 44571 | B24: HMRC | C24: 574 | F24: 132.4 | H24: =H23+D24+E24-F24-G24 -> 4746.35
A25: 44571 | B25: H Soans - Salary | C25: 575 | F25: 352.94 | H25: =H24+D25+E25-F25-G25 -> 4393.41
A26: 44634 | B26: H Soans - Salary | C26: 576 | F26: 352.94 | H26: =H25+D26+E26-F26-G26 -> 4040.47
A27: 44634 | B27: Training - C Corker | C27: 577 | G27: 38 | H27: =H26+D27+E27-F27-G27 -> 4002.47 | I27: Agreed to Bank Satement 261 - 31st March 2022
B28: Unpresented Cheques | H28: =H27+D28+E28-F28-G28 -> 4002.47
A29: 44634 | B29: NNC - Election costs | C29: 578 | G29: 467.97 | H29: =H28+D29+E29-F29-G29 -> 3534.5 | I29: Actual date cashed 14.4.22
A30: 44634 | B30: NNC - Election costs | C30: 579 | G30: 62.93 | H30: =H29+D30+E30-F30-G30 -> 3471.57 | I30: Actual date cashed 14.4.22
A31: 44638 | B31: Northants ACRE course | C31: 580 | G31: 10 | H31: =H30+D31+E31-F31-G31 -> 3461.57 | I31: Actual date cashed 1.4.22
H32: =H31+D32+E32-F32-G32 -> 3461.57
H33: =H32+D33+E33-F33-G33 -> 3461.57
B34: TOTALS | D34: =SUM(D6:D33) -> 5565 | E34: =SUM(E6:E33) -> 176 | F34: =SUM(F6:F33) -> 2579.65 | G34: =SUM(G6:G33) -> 2461.88 | H34: =H5+D34+E34-F34-G34 -> 3461.57 | I34: =SUM(G29:G31) -> 540.9 | J34: =H34+I34 -> 4002.47
A36: RECEIPTS
A37: Date | E37: BANK INT | H37: TOTAL
A38: 44287 | B38: Opening Balance | H38: ='2020-21'!H56 -> 742.37 | I38: PDF | J38: HS | K38: 742.37
A39: April | B39: Interest | E39: 0.01 | H39: =H38+E39 -> 742.38
A40: May | B40: Interest | E40: 0.01 | H40: =H39+E40 -> 742.39
A41: June | B41: Interest | E41: 0.01 | H41: =H40+E41 -> 742.4
A42: July | B42: Interest | E42: 0.01 | H42: =H41+E42 -> 742.41
A43: August | B43: Interest | E43: 0.01 | H43: =H42+E43 -> 742.42
A44: September | B44: Interest | E44: 0.01 | H44: =H43+E44 -> 742.43
A45: October | B45: Interest | E45: 0.01 | H45: =H44+E45 -> 742.44
A46: November | B46: Interest | E46: 0.01 | H46: =H45+E46 -> 742.45
A47: December | B47: Interest | E47: 0.01 | H47: =H46+E47 -> 742.46
A48: January | B48: Interest | E48: 0.01 | H48: =H47+E48 -> 742.47
A49: February | B49: Interest | E49: 0.01 | H49: =H48+E49 -> 742.48
A50: March | B50: Interest | E50: 0.01 | H50: =H49+E50 -> 742.49
B51: TOTALS | E51: =SUM(E39:E50) -> 0.12 | H51: =H38+E51 -> 742.49 | I51: Agreed to Bank Satement 125 - 31st March 2022
B53: Grand Totals | D53: =D34+D51 -> 5565 | E53: =E34+E51 -> 176.12 | F53: =F34+F51 -> 2579.65 | G53: =G34+G51 -> 2461.88
A56: PILTON, STOKE DOYLE AND WADENHOE PARISH COUNCIL
A58: Accounts for the Year End 31 March 2022
A60: BANK RECONCILIATION
A62: SUMMARY OF RECEIPTS & PAYMENTS | F62: CLOSING BANK POSITION
A64: As at 1 Apr 2021 | F64: 44651
A65: NatWest | F65: NatWest
A66: Current Account | D66: =H5 -> 2762.1 | F66: Current Account | H66: =H34 -> 3461.57
A67: Deposit Account | D67: =H38 -> 742.37 | F67: Deposit Account | H67: =H51 -> 742.49
B68: Total | D68: =SUM(D66:D67) -> 3504.47 | H68: =SUM(H66:H67) -> 4204.06
F69: Less Unpresented Cheques ?
A73: BALANCE | D73: =D68-D72 -> 3504.47
A74: Receipts | B74: This year | D74: =D53+E53 -> 5741.12
A75: Sub Total | D75: =SUM(D73:D74) -> 9245.59 | H75: =SUM(H70:H72) -> 0
A76: Payments | B76: This year | D76: =F53+G53 -> 5041.53 | H76: =H68-H75 -> 4204.06
B78: As at 31 Mar 2021 | D78: =D75-D76 -> 4204.06 | F78: BALANCE | H78: =H76 -> 4204.06
A80: Reconciled by: Chairman...................................................Clerk.................................................Date:
A81: Karen Pollock Hanneke Soans
D85: 2020/21 | E85: 2021/22
A86: Box 1 | B86: Balance B/Fwd | D86: ='2020-21'!D91 -> 2467 | E86: =D92 -> 3504.65
A87: Box 2 | B87: Precept | D87: ='2020-21'!D92 -> 5300 | E87: =D34 -> 5565
A88: Box 3 | B88: Total Other Receipts | D88: ='2020-21'!D93 -> 269.34 | E88: =E34 -> 176
A89: Box 4 | B89: Staff Costs | D89: ='2020-21'!D94 -> 2779.47 | E89: =F34 -> 2579.65
A90: Box 5 | B90: Loan/Interest/Capital Repayments | D90: ='2020-21'!D95 -> 0 | E90: 0
A91: Box 6 | B91: All Other Payments | D91: ='2020-21'!D96 -> 1752.22 | E91: =G34 -> 2461.88
A92: Box 7 | B92: Balance C/Fwd | D92: ='2020-21'!D97 -> 3504.65 | E92: =E86+E87+E88-E89-E90-E91 -> 4204.12
A93: Box 8 | B93: Total Value of Cash | D93: ='2020-21'!D98 -> 3504.51 | E93: =H78 -> 4204.06
A94: Box 9 | B94: Total Fixed Assets | D94: ='2020-21'!D99 -> 625 | E94: 625
A95: Box 10 | B95: Total Borrowings | D95: ='2020-21'!D100 -> 0 | E95: 0

Sheet 2020-21
A1: PILTON, STOKE DOYLE and WADENHOE PARISH COUNCIL
A2: April 2020 – March 2021
B3: Payments & Receipts | D3: Box 2 - Income | E3: Box 3 - Income | F3: Box 4 - Expenditure | G3: Box 6 - Expenditure
A4: DATE | B4: PAYEE | C4: CHQ. NO: | D4: Precept | E4: Other Receipts | F4: Staff Costs | G4: Other Costs | H4: TOTAL | I4: BANK
A5: 43922 | B5: Opening Balance | H5: ='2019-20'!H36 -> 1725.29 | I5: PDF | J5: HS | K5: 1725.29
A6: 43922 | B6: HMRC | C6: 531 | F6: 129 | H6: =H5+D6+E6-F6-G6 -> 1596.29
A7: 43927 | B7: East Northants Council | D7: 2650 | H7: =H6+D7+E7-F7-G7 -> 4246.29
A8: 43964 | B8: Jon Essam payroll | C8: 532 | G8: 75.3 | H8: =H7+D8+E8-F8-G8 -> 4170.99
A9: 43970 | B9: H Soans Salary | C9: 533 | F9: 343.52 | H9: =H8+D9+E9-F9-G9 -> 3827.47
A10: 43978 | B10: Came & Co insurance | C10: 535 | G10: 218 | H10: =H9+D10+E10-F10-G10 -> 3609.47
A11: 43980 | B11: NCALC Annual Subscription | C11: 534 | G11: 239.77 | H11: =H10+D11+E11-F11-G11 -> 3369.7
A12: 44034 | B12: H Soans Salary | C12: 537 | F12: 343.52 | H12: =H11+D12+E12-F12-G12 -> 3026.18
A13: 44040 | B13: HMRC | C13: 538 | F13: 128.8 | H13: =H12+D13+E13-F13-G13 -> 2897.38
A14: 44042 | B14: Ian Arnott auditor | C14: 540 | G14: 75 | H14: =H13+D14+E14-F14-G14 -> 2822.38
A15: 44046 | B15: Spanglefish | C15: 536 | G15: 29.95 | H15: =H14+D15+E15-F15-G15 -> 2792.43
A16: 44048 | B16: Jon Essam payroll | C16: 539 | G16: 60 | H16: =H15+D16+E16-F16-G16 -> 2732.43
A17: 44097 | B17: H Soans salary | C17: 541 | F17: 343.52 | H17: =H16+D17+E17-F17-G17 -> 2388.91
A18: 44102 | B18: Wadenhoe PCC | C18: 544 | G18: 100 | H18: =H17+D18+E18-F18-G18 -> 2288.91
A19: 44103 | B19: East Northants Council | D19: 2650 | H19: =H18+D19+E19-F19-G19 -> 4938.91
A20: 44106 | B20: NCALC Training | C20: 542 | G20: 38 | H20: =H19+D20+E20-F20-G20 -> 4900.91
A21: 44111 | B21: HMRC | C21: 546 | F21: 128.8 | H21: =H20+D21+E21-F21-G21 -> 4772.11
A22: 44113 | B22: Stoke Doyle PCC | C22: 545 | G22: 100 | H22: =H21+D22+E22-F22-G22 -> 4672.11
A23: 44138 | B23: Pilton PCC | C23: 543 | G23: 100 | H23: =H22+D23+E23-F23-G23 -> 4572.11
A24: 44160 | B24: H Soans Salary | C24: 549 | F24: 384.93 | H24: =H23+D24+E24-F24-G24 -> 4187.18
A25: 44165 | B25: Wadenhoe PCC | C25: 552 | G25: 50 | H25: =H24+D25+E25-F25-G25 -> 4137.18
A26: 44166 | B26: Stoke Doyle PCC | C26: 551 | G26: 50 | H26: =H25+D26+E26-F26-G26 -> 4087.18
A27: 44217 | B27: H Soans Salary | C27: 553 | F27: 352.94 | H27: =H26+D27+E27-F27-G27 -> 3734.24
A28: 44222 | B28: HMRC | C28: 554 | F28: 139.6 | H28: =H27+D28+E28-F28-G28 -> 3594.64
A29: 44236 | B29: Pilton PCC | C29: 550 | G29: 50 | H29: =H28+D29+E29-F29-G29 -> 3544.64
A30: 44243 | B30: East Northants Council | E30: 269 | H30: =H29+D30+E30-F30-G30 -> 3813.64
A31: 44260 | B31: H Soans Salary | C31: 556 | F31: 352.94 | H31: =H30+D31+E31-F31-G31 -> 3460.7
A32: 44270 | B32: C Tereffe Bench | C32: 555 | G32: 269 | H32: =H31+D32+E32-F32-G32 -> 3191.7 | I32: Agreed with Bank Statement 251 - £3,191.70
B33: Unpresented Cheques | H33: =H32+D33+E33-F33-G33 -> 3191.7
A34: 44088 | B34: ICO £40 | C34: 547 | G34: 40 | H34: =H33+D34+E34-F34-G34 -> 3151.7 | I34: Cheque not cashed & Adjusted in 2021-22
A35: 44116 | B35: Village Hall Rent | C35: 548 | G35: 136 | H35: =H34+D35+E35-F35-G35 -> 3015.7 | I35: Cheque not cashed & Adjusted in 2021-22
A36: 44280 | B36: HMRC | C36: 557 | F36: 132.4 | H36: =H35+D36+E36-F36-G36 -> 2883.3 | I36: Actual date cashed 14th April 2022
A37: 44280 | B37: Jon Essam payroll | C37: 558 | G37: 121.2 | H37: =H36+D37+E37-F37-G37 -> 2762.1 | I37: Actual date cashed 14th April 2022
H38: =H37+D38+E38-F38-G38 -> 2762.1
B39: TOTALS | D39: =SUM(D6:D38) -> 5300 | E39: =SUM(E6:E38) -> 269 | F39: =SUM(F6:F38) -> 2779.97 | G39: =SUM(G6:G38) -> 1752.22 | H39: =H5+D39+E39-F39-G39 -> 2762.1
A41: RECEIPTS
A42: Date | E42: BANK INT | H42: TOTAL
A43: 43922 | B43: Opening Balance | H43: ='2019-20'!H53 -> 742.03 | I43: PDF | J43: HS | K43: 742.03
A44: 43951 | B44: Interest | E44: 0.12 | H44: =H43+E44 -> 742.15
A45: 43982 | B45: Interest | E45: 0.12 | H45: =H44+E45 -> 742.27
A46: 44011 | B46: Interest | E46: 0.01 | H46: =H45+E46 -> 742.28
A47: 44043 | B47: Interest | E47: 0.01 | H47: =H46+E47 -> 742.29
A48: 44074 | B48: Interest | E48: 0.01 | H48: =H47+E48 -> 742.3
A49: 44103 | B49: Interest | E49: 0.01 | H49: =H48+E49 -> 742.31
A50: 44135 | B50: Interest | E50: 0.01 | H50: =H49+E50 -> 742.32
A51: 44165 | B51: Interest | E51: 0.01 | H51: =H50+E51 -> 742.33
A52: 44194 | B52: Interest | E52: 0.01 | H52: =H51+E52 -> 742.34
A53: 44227 | B53: Interest | E53: 0.01 | H53: =H52+E53 -> 742.35
A54: 44255 | B54: Interest | E54: 0.01 | H54: =H53+E54 -> 742.36
A55: 44286 | B55: Interest | E55: 0.01 | H55: =H54+E55 -> 742.37 | J55: HS | K55: 742.37
B56: TOTALS | E56: =SUM(E44:E55) -> 0.34 | H56: =H43+E56 -> 742.37
B58: Grand Totals | D58: =D39+D56 -> 5300 | E58: =E39+E56 -> 269.34 | F58: =F39+F56 -> 2779.97 | G58: =G39+G56 -> 1752.22
A61: PILTON, STOKE DOYLE AND WADENHOE PARISH COUNCIL
A63: Accounts for the Year End 31 March 2021
A65: BANK RECONCILIATION
A67: SUMMARY OF RECEIPTS & PAYMENTS | F67: CLOSING BANK POSITION
A69: As at 1 Apr 2020 | F69: 44286
A70: NatWest | F70: NatWest
A71: Current Account | C71: =H5 -> 1725.29 | F71: Current Account | H71: =H39 -> 2762.1
A72: Deposit Account | C72: =H43 -> 742.03 | F72: Deposit Account | H72: =H56 -> 742.37
B73: Total | C73: =SUM(C71:C72) -> 2467.32 | H73: =SUM(H71:H72) -> 3504.47
F74: Less Unpresented Cheques ?
C77: =SUM(B74:B77) -> 0
A78: BALANCE | C78: =C73-C77 -> 2467.32
A79: Receipts | C79: =D58+E58 -> 5569.34
A80: Sub Total | C80: =SUM(C78:C79) -> 8036.66 | F80: Less Unpresented Cheques ? | H80: =SUM(H75:H77) -> 0
A81: Payments | C81: =F58+G58 -> 4532.19 | H81: =H73-H80 -> 3504.47
B83: As at 31 Mar 2021 | C83: =C80-C81 -> 3504.47 | F83: BALANCE | H83: =H81 -> 3504.47
A85: Reconciled by: Chairman...................................................Clerk.................................................Date:
A86: Karen Pollock Hanneke Soans
C89: Audit | D89: Figures | E89: From s/s 2019/20 | F89: 2019/20
C90: 2019/20 | D90: 2020/21 | E90: Mileage difference | F90: restated | G90: If necessary
A91: Box 1 | B91: Balance B/Fwd | C91: 1996 | D91: =C97 -> 2467 | F91: =C91 -> 1996
A92: Box 2 | B92: Precept | C92: 5000 | D92: =D58 -> 5300 | F92: =C92 -> 5000
A93: Box 3 | B93: Total Other Receipts | C93: 302 | D93: =E58 -> 269.34 | F93: =C93 -> 302
A94: Box 4 | B94: Staff Costs | C94: 2477 | D94: =F58-0.5 -> 2779.47 | E94: 32 | F94: =C94-E94 -> 2445
A95: Box 5 | B95: Loan/Interest/Capital Repayments | C95: 0 | D95: 0 | F95: =C95 -> 0
A96: Box 6 | B96: All Other Payments | C96: 2354 | D96: =G58 -> 1752.22 | E96: 32 | F96: =C96+E96 -> 2386
A97: Box 7 | B97: Balance C/Fwd | C97: =C91+C92+C93-C94-C95-C96 -> 2467 | D97: =D91+D92+D93-D94-D95-D96 -> 3504.65 | F97: =F91+F92+F93-F94-F95-F96 -> 2467
A98: Box 8 | B98: Total Value of Cash | C98: 2467 | D98: =H83+0.04 -> 3504.51 | F98: =C98 -> 2467
A99: Box 9 | B99: Total Fixed Assets | C99: 625 | D99: 625 | F99: =C99 -> 625
A100: Box 10 | B100: Total Borrowings | C100: 0 | D100: 0 | F100: =C100 -> 0

Sheet 2019-20
A1: PILTON, STOKE DOYLE and WADENHOE PARISH COUNCIL
A2: April 2019 – March 2020
B3: Payments & Receipts | D3: Income | E3: Expenditure | F3: Expenditure | G3: Expenditure
A4: DATE | B4: PAYEE | C4: CHQ. NO: | D4: SECT 137 | E4: SUNDRY | F4: CLERK'S SALARY | G4: CLERK'S PC EXPS. | H4: TOTAL | I4: BANK
A5: 43556 | B5: Opening Balance | H5: ='2018-19'!H36 -> 1284.99 | I5: PDF | J5: HS | K5: 1284.99
A6: 43560 | B6: Rent of Stoke Doyle Church | C6: 502 | E6: 28 | H6: =H5-SUM(E6:G6)+D6 -> 1256.99
A7: 43559 | B7: Jon Essam payroll | C7: 505 | E7: 75.3 | H7: =H6-SUM(E7:G7)+D7 -> 1181.69
A8: 43580 | B8: East Northants Council | C8: PRECEPT | D8: 2500 | H8: =H7-SUM(E8:G8)+D8 -> 3681.69
A9: 43586 | B9: Ady Pendred Noticeboard | C9: 506 | E9: 540 | H9: =H8-SUM(E9:G9)+D9 -> 3141.69
A10: 43586 | B10: NCALC Annual Subscription | C10: 507 | E10: 210.77 | H10: =H9-SUM(E10:G10)+D10 -> 2930.92
A11: 43586 | B11: H Soans Salary | C11: 508 | F11: 343.92 | H11: =H10-SUM(E11:G11)+D11 -> 2587
A12: 43586 | B12: Ian Arnott | C12: 509 | E12: 75 | H12: =H11-SUM(E12:G12)+D12 -> 2512
A13: 43592 | B13: Empowerment Grant | D13: 300 | H13: =H12-SUM(E13:G13)+D13 -> 2812
A14: 43652 | B14: H Soans Salary | C14: 510 | F14: 342 | H14: =H13-SUM(E14:G14)+D14 -> 2470
A15: 43652 | B15: T Pocknell | C15: 511 | E15: 47.5 | H15: =H14-SUM(E15:G15)+D15 -> 2422.5
A16: 43652 | B16: HMRC | C16: 512 | E16: 128.8 | H16: =H15-SUM(E16:G16)+D16 -> 2293.7
A17: 43652 | B17: Jon Essam payroll | C17: 513 | E17: 15.3 | H17: =H16-SUM(E17:G17)+D17 -> 2278.4
A18: 43652 | B18: Stoke Doyle Church rent | C18: 514 | E18: 28 | H18: =H17-SUM(E18:G18)+D18 -> 2250.4
A19: 43652 | B19: Came & Co insurance | C19: 515 | E19: 218 | H19: =H18-SUM(E19:G19)+D19 -> 2032.4
A20: 43652 | B20: Spanglefish | C20: 516 | E20: 29.95 | H20: =H19-SUM(E20:G20)+D20 -> 2002.45
A21: 43716 | B21: H Soans Salary/Expenses | C21: 517 | F21: 342 | G21: 32.4 | H21: =H20-SUM(E21:G21)+D21 -> 1628.05 | I21: £374.40 Wages £342.00 Mileage £32.40
A22: 43733 | B22: East Northants Council | C22: PRECEPT | D22: 2500 | H22: =H21-SUM(E22:G22)+D22 -> 4128.05
A23: 43734 | B23: HMRC | C23: 518 | E23: 128.8 | H23: =H22-SUM(E23:G23)+D23 -> 3999.25
A24: 43734 | B24: Wadenhoe PCC | C24: 519 | E24: 150 | H24: =H23-SUM(E24:G24)+D24 -> 3849.25
A25: 43734 | B25: Stoke Doyle PCC | C25: 520 | E25: 150 | H25: =H24-SUM(E25:G25)+D25 -> 3699.25
A26: 43734 | B26: Pilton PCC | C26: 522 | E26: 150 | H26: =H25-SUM(E26:G26)+D26 -> 3549.25
A27: 43780 | B27: H Soans salary | C27: 523 | F27: 343.52 | H27: =H26-SUM(E27:G27)+D27 -> 3205.73
B28: Cheque no 521 void | H28: =H27-SUM(E28:G28)+D28 -> 3205.73
A29: 43803 | B29: Jon Essam payroll | C29: 524 | E29: 15.3 | H29: =H28-SUM(E29:G29)+D29 -> 3190.43
A30: 43836 | B30: H Soans salary | C30: 525 | F30: 343.52 | H30: =H29-SUM(E30:G30)+D30 -> 2846.91
A31: 43836 | B31: HMRC | C31: 526 | E31: 128.8 | H31: =H30-SUM(E31:G31)+D31 -> 2718.11
A32: 43836 | B32: Jon Essam payroll | C32: 527 | E32: 15.3 | H32: =H31-SUM(E32:G32)+D32 -> 2702.81
A33: 43905 | B33: H Soans salary | C33: 528 | F33: 343.52 | H33: =H32-SUM(E33:G33)+D33 -> 2359.29
A34: 43905 | B34: NCALC DP (actual 13th May 2021) | C34: 529 | E34: 10 | H34: =H33-SUM(E34:G34)+D34 -> 2349.29
A35: 43905 | B35: Mrs K Pollock | C35: 530 | E35: 624 | H35: =H34-SUM(E35:G35)+D35 -> 1725.29
B36: TOTALS | D36: =SUM(D6:D35) -> 5300 | E36: =SUM(E6:E35) -> 2768.82 | F36: =SUM(F6:F35) -> 2058.48 | G36: =SUM(G6:G35) -> 32.4 | H36: =H5+D36-E36-F36-G36 -> 1725.29 | I36: PDF | J36: HS | K36: 1735.29 | L36: Bank statement Less £10 cheque number 529
A38: RECEIPTS
A39: Date | D39: BANK INT | H39: TOTAL
A40: 43556 | B40: Opening Balance | H40: ='2018-19'!H53 -> 739.98 | J40: HS
A41: 43585 | B41: Interest | D41: =0.13+0.55 -> 0.68 | H41: =H40+D41 -> 740.66 | K41: .55p added when Bank Statements received
A42: 43616 | B42: Interest | D42: 0.13 | H42: =H41+D42 -> 740.79
A43: 43645 | B43: Interest | D43: 0.11 | H43: =H42+D43 -> 740.9
A44: 43677 | B44: Interest | D44: 0.13 | H44: =H43+D44 -> 741.03
A45: 43708 | B45: Interest | D45: 0.12 | H45: =H44+D45 -> 741.15
A46: 43737 | B46: Interest | D46: 0.13 | H46: =H45+D46 -> 741.28
A47: 43769 | B47: Interest | D47: 0.13 | H47: =H46+D47 -> 741.41
A48: 43799 | B48: Interest | D48: 0.12 | H48: =H47+D48 -> 741.53
A49: 43828 | B49: Interest | D49: 0.13 | H49: =H48+D49 -> 741.66
A50: 43861 | B50: Interest | D50: 0.13 | H50: =H49+D50 -> 741.79
A51: 43889 | B51: Interest | D51: 0.11 | H51: =H50+D51 -> 741.9
A52: 43921 | B52: Interest | D52: 0.13 | H52: =H51+D52 -> 742.03
B53: TOTALS | D53: =SUM(D41:D52) -> 2.05 | H53: =H52 -> 742.03 | I53: PDF | J53: HS | K53: 742.03
B55: Totals | D55: =D36+D53 -> 5302.05 | E55: =E36+E53 -> 2768.82 | F55: =F36+F53 -> 2058.48 | G55: =G36+G53 -> 32.4 | H55: =H36+H53 -> 2467.32
B57: Un presented cheques ?
D60: =SUM(D58:D59) -> 0
A63: PILTON, STOKE DOYLE AND WADENHOE PARISH COUNCIL
A65: Accounts for the Year End 31 March 2020
A67: BANK RECONCILIATION
A69: SUMMARY OF RECEIPTS & PAYMENTS | E69: CLOSING BANK POSITION
A71: As at 1 Apr 2019 | E71: 43921
A72: NatWest | E72: NatWest
A73: Current Account | C73: =H5 -> 1284.99 | E73: Current Account | I73: =H36 -> 1725.29
A74: Deposit Account | C74: =H40 -> 739.98 | E74: Deposit Account | I74: =H53 -> 742.03
C75: =SUM(C73:C74) -> 2024.97 | I75: =SUM(I73:I74) -> 2467.32
E76: Less Unpresented Cheques
E77: Number | H77: =D60 -> 0
C79: =SUM(B76:B79) -> 0
A80: BALANCE | C80: =C75-C79 -> 2024.97
A81: Receipts | C81: =D55 -> 5302.05
A82: Sub Total | C82: =SUM(C80:C81) -> 7327.02 | I82: =SUM(H77:H79) -> 0
A83: Payments | C83: =E55+F55+G55 -> 4859.7 | I83: =I75-I82 -> 2467.32
B85: As at 31 Mar 2019 | C85: =C82-C83 -> 2467.32 | E85: BALANCE | I85: =I83 -> 2467.32
A87: Reconciled by: Chairman...................................................Clerk.................................................Date:
A88: Karen Pollock Hanneke Soans

Sheet 2018-19
A1: PILTON, STOKE DOYLE and WADENHOE PARISH COUNCIL
A2: April 2018 – March 2019
B3: Payments & Receipts | D3: Income | E3: Expenditure | F3: Expenditure | G3: Expenditure
A4: DATE | B4: PAYEE | C4: CHQ. NO: | D4: SECT 137 | E4: SUNDRY | F4: CLERK'S SALARY | G4: CLERK'S PC EXPS. | H4: TOTAL | I4: BANK
A5: 43191 | B5: Opening Balance | H5: ='2017-18'!H37 -> 1653.55 | I5: 220 | J5: HS
A6: 43215 | B6: East Northants Council Precept | C6: PRECEPT | D6: 1974 | H6: =H5-SUM(E6:G6)+D6 -> 3627.55 | I6: 221 | J6: HS
A7: 43242 | B7: Emily Scott (march salary) | C7: 477 | F7: 569.75 | H7: =H6-SUM(E7:G7)+D7 -> 3057.8
A8: 43243 | B8: HMRC- PAYE Quarter 4 | C8: 478 | E8: 17.8 | H8: =H7-SUM(E8:G8)+D8 -> 3040
A9: 43251 | B9: Emily Scott (april salary) | C9: 480 | F9: 75.3 | H9: =H8-SUM(E9:G9)+D9 -> 2964.7
A10: 43251 | B10: NCALC membership | C10: 481 | E10: 60 | H10: =H9-SUM(E10:G10)+D10 -> 2904.7
A11: 43246 | B11: Ian Arnott | C11: 479 | E11: 220.12 | H11: =H10-SUM(E11:G11)+D11 -> 2684.58
A12: 43290 | B12: Came & Co insurance | C12: 482 | E12: 218 | H12: =H11-SUM(E12:G12)+D12 -> 2466.58
A13: 43301 | B13: Emily Scott (may & june salary) | C13: 486 | F13: 341.91 | H13: =H12-SUM(E13:G13)+D13 -> 2124.67
A14: 43304 | B14: HMRC- PAYE Quarter 1 | C14: 485 | E14: 74.8 | H14: =H13-SUM(E14:G14)+D14 -> 2049.87
A15: 43312 | B15: Jon Essam payroll | C15: 484 | E15: 50.4 | H15: =H14-SUM(E15:G15)+D15 -> 1999.47
A16: 43312 | B16: Richard Mccoy expenses | C16: 487 | E16: 29.95 | H16: =H15-SUM(E16:G16)+D16 -> 1969.52
A17: 43318 | B17: CPRE membership | C17: 488 | E17: 100 | H17: =H16-SUM(E17:G17)+D17 -> 1869.52
A18: 43325 | B18: Spanglefish | C18: 490 | E18: 100 | H18: =H17-SUM(E18:G18)+D18 -> 1769.52
A19: 43327 | B19: ICO | C19: 489 | E19: 100 | H19: =H18-SUM(E19:G19)+D19 -> 1669.52
A20: 43335 | B20: Emily Scott (July salary) | C20: 483 | F20: 36 | H20: =H19-SUM(E20:G20)+D20 -> 1633.52
A21: 43341 | B21: Emily Scott (Aug salary) | C21: 491 | F21: 40 | H21: =H20-SUM(E21:G21)+D21 -> 1593.52 | I21: Letter | J21: HS
A22: 43357 | B22: Liz Holland (salary) | C22: 492 | F22: 408.8 | H22: =H21-SUM(E22:G22)+D22 -> 1184.72
A23: 43368 | B23: East Northants Council Precept | C23: PRECEPT | D23: 1974 | H23: =H22-SUM(E23:G23)+D23 -> 3158.72 | I23: 226 | J23: HS
A24: 43382 | B24: HMRC 9th quarter | C24: 493 | E24: 125 | H24: =H23-SUM(E24:G24)+D24 -> 3033.72 | I24: 227 | J24: HS
A25: 43417 | B25: East Northants Council Grant | C25: GRANT | D25: 450 | H25: =H24-SUM(E25:G25)+D25 -> 3483.72
A26: 43419 | B26: Liz Holland (salary) | C26: 495 | F26: 368.02 | H26: =H25-SUM(E26:G26)+D26 -> 3115.7
A27: 43416 | B27: Jon Essam payroll | C27: 494 | E27: 15.3 | H27: =H26-SUM(E27:G27)+D27 -> 3100.4 | I27: 228 | J27: HS
A28: 43437 | B28: Liz Holland (salary) | C28: 496 | E28: 0 | F28: 278.38 | H28: =H27-SUM(E28:G28)+D28 -> 2822.02 | I28: 229 | J28: HS
A29: 43486 | B29: HMRC | C29: 497 | E29: 107.4 | H29: =H28-SUM(E29:G29)+D29 -> 2714.62
A30: 43489 | B30: Jon Essam payroll | C30: 498 | E30: 27.3 | H30: =H29-SUM(E30:G30)+D30 -> 2687.32
A31: 43494 | B31: Gordon Monk IT | C31: 499 | E31: 150 | H31: =H30-SUM(E31:G31)+D31 -> 2537.32
A32: 43495 | B32: Liz Holland (gsuite) | C32: 500 | E32: 11.5 | H32: =H31-SUM(E32:G32)+D32 -> 2525.82 | I32: 230 | J32: HS
A33: 43538 | B33: Clerks Salary | C33: 501 | F33: 484.83 | H33: =H32-SUM(E33:G33)+D33 -> 2040.99
A34: 43552 | B34: New village direction signs | C34: 503 | E34: 635 | H34: =H33-SUM(E34:G34)+D34 -> 1405.99
A35: 43553 | B35: HMRC | C35: 504 | E35: 121 | H35: =H34-SUM(E35:G35)+D35 -> 1284.99 | I35: PDF | J35: HS
B36: TOTALS | D36: =SUM(D6:D35) -> 4398 | E36: =SUM(E6:E35) -> 2163.57 | F36: =SUM(F6:F35) -> 2602.99 | G36: =SUM(G6:G35) -> 0 | H36: =H5+D36-E36-F36 -> 1284.99 | J36: HS
A38: RECEIPTS
A39: Date | D39: BANK INT | H39: TOTAL
A40: 43191 | B40: Opening Balance | H40: 739.62 | I40: 78 | J40: HS
A41: 43220 | B41: Interest | D41: 0.03 | H41: =H40+D41 -> 739.65
A42: 43251 | B42: Interest | D42: 0.03 | H42: =H41+D42 -> 739.68
A43: 43280 | B43: Interest | D43: 0.03 | H43: =H42+D43 -> 739.71
A44: 43312 | B44: Interest | D44: 0.03 | H44: =H43+D44 -> 739.74
A45: 43343 | B45: Interest | D45: 0.03 | H45: =H44+D45 -> 739.77 | I45: Letter | J45: HS | K45: 739.77
A46: 43369 | B46: Interest | D46: 0.03 | H46: =H45+D46 -> 739.8
A47: 43404 | B47: Interest | D47: 0.03 | H47: =H46+D47 -> 739.83
A48: 43434 | B48: Interest | D48: 0.03 | H48: =H47+D48 -> 739.86
A49: 43463 | B49: Interest | D49: 0.03 | H49: =H48+D49 -> 739.89
A50: 43496 | B50: Interest | D50: 0.03 | H50: =H49+D50 -> 739.92
A51: 43524 | B51: Interest | D51: 0.03 | H51: =H50+D51 -> 739.95
A52: 43553 | B52: Interest | D52: 0.03 | H52: =H51+D52 -> 739.98
B53: TOTALS | D53: =SUM(D41:D52) -> 0.36 | H53: =H40+D53 -> 739.98
B55: Totals | D55: =D36+D53 -> 4398.36 | E55: =E36+E53 -> 2163.57 | F55: =F36+F53 -> 2602.99 | G55: =G36+G53 -> 0
B57: Un presented cheques
B58: Rent of Stoke Doyle Church | C58: 502 | D58: 28
A63: PILTON, STOKE DOYLE AND WADENHOE PARISH COUNCIL
A65: Accounts for the Year End 31 March 2019
A67: BANK RECONCILIATION
A69: SUMMARY OF RECEIPTS & PAYMENTS | E69: CLOSING BANK POSITION
A71: As at 1 Apr 2018 | E71: 43555
A72: NatWest | E72: NatWest
A73: Current Account | C73: =H5 -> 1653.55 | E73: Current Account | I73: =H36 -> 1284.99
A74: Deposit Account | C74: =H40 -> 739.62 | E74: Deposit Account | I74: =H53 -> 739.98
C75: =SUM(C73:C74) -> 2393.17 | I75: =SUM(I73:I74) -> 2024.97
E76: Less Unpresented Cheques
E77: Number | G77: =C58 -> 502 | H77: =D58 -> 28
C79: =SUM(B76:B79) -> 0
A80: BALANCE | C80: =C75-C79 -> 2393.17
A81: Receipts | C81: =D55 -> 4398.36
A82: Sub Total | C82: =SUM(C80:C81) -> 6791.53 | I82: =SUM(H76:H79) -> 28
A83: Payments | C83: =E55+F55+G55 -> 4766.56 | I83: =I75-I82 -> 1996.97
B85: As at 31 Mar 2019 | C85: =C82-C83 -> 2024.97 | E85: BALANCE | I85: =I83 -> 1996.97
A87: Reconciled by: Chairman...................................................Clerk.................................................Date:
A88: Karen Pollock Hanneke Soans

Sheet 2017-18
A1: PILTON, STOKE DOYLE and WADENHOE PARISH COUNCIL
A2: April 2017 – March 2018
B3: Current Account
A4: DATE | B4: PAYEE | C4: CHQ. NO: | D4: SECT 137 | E4: SUNDRY | F4: CLERK'S SALARY | G4: CLERK'S PC EXPS. | H4: TOTAL | I4: BANK
A5: 42826 | B5: Opening Balance | H5: 1888.59 | I5: 208 | J5: HS
A6: 42834 | B6: Emily Scott (march salary) | C6: 447 | F6: 192.11 | H6: =H5-SUM(E6:G6)+D6 -> 1696.48
A7: 42834 | B7: HMRC- PAYE Quarter 4 | C7: 448 | F7: 49.4 | H7: =H6-SUM(E7:G7)+D7 -> 1647.08
A8: 42850 | B8: East Northants Council | D8: 1900 | H8: =H7-SUM(E8:G8)+D8 -> 3547.08 | I8: 209 | J8: HS
A9: 42870 | B9: Emily Scott (april salary) | C9: 449 | F9: 202.91 | H9: =H8-SUM(E9:G9)+D9 -> 3344.17
A10: 42880 | B10: NCALC membership | C10: 450 | E10: 212.57 | H10: =H9-SUM(E10:G10)+D10 -> 3131.6
A11: 42885 | B11: Ian Arnott | C11: 451 | E11: 60 | H11: =H10-SUM(E11:G11)+D11 -> 3071.6 | I11: 210 | J11: HS
A12: 42888 | B12: Came & Co insurance | C12: 452 | E12: 168 | H12: =H11-SUM(E12:G12)+D12 -> 2903.6 | I12: 211 | J12: HS
A13: 42933 | B13: Emily Scott (may & june salary) | C13: 453 | F13: 405.62 | H13: =H12-SUM(E13:G13)+D13 -> 2497.98
A14: 42933 | B14: HMRC- PAYE Quarter 1 | C14: 454 | F14: 17.6 | H14: =H13-SUM(E14:G14)+D14 -> 2480.38
A15: 42933 | B15: Richard Mccoy expenses | C15: 456 | E15: 186.24 | H15: =H14-SUM(E15:G15)+D15 -> 2294.14 | I15: 212 | J15: HS
A16: 42933 | B16: Jon Essam payroll | C16: 455 | E16: 15.3 | H16: =H15-SUM(E16:G16)+D16 -> 2278.84
A17: 42951 | B17: Emily Scott (July salary) | C17: 460 | F17: 202.71 | H17: =H16-SUM(E17:G17)+D17 -> 2076.13
A18: 42951 | B18: ICO | C18: 459 | E18: 35 | H18: =H17-SUM(E18:G18)+D18 -> 2041.13
A19: 42933 | B19: Spanglefish | C19: 458 | E19: =24.95+5 -> 29.95 | H19: =H18-SUM(E19:G19)+D19 -> 2011.18 | I19: 213 | J19: HS
A20: 42933 | B20: CPRE membership | C20: 457 | E20: 36 | H20: =H19-SUM(E20:G20)+D20 -> 1975.18
A21: 42989 | B21: Emily Scott (Aug salary) | C21: 461 | F21: 202.71 | H21: =H20-SUM(E21:G21)+D21 -> 1772.47
A22: 42989 | B22: Emily Scott expenses | C22: 462 | G22: 15.84 | H22: =H21-SUM(E22:G22)+D22 -> 1756.63
A23: 43004 | B23: East Northants Council | D23: 1900 | H23: =H22-SUM(E23:G23)+D23 -> 3656.63 | I23: 214 | J23: HS
A24: 43023 | B24: Emily Scott (sept salary) | C24: 464 | F24: 202.91 | H24: =H23-SUM(E24:G24)+D24 -> 3453.72
A25: 43023 | B25: HMRC PAYE Quarter 2 | C25: 465 | E25: 17.8 | H25: =H24-SUM(E25:G25)+D25 -> 3435.92
A26: 42989 | B26: Highways (streetwork licence) | C26: 463 | E26: 275 | H26: =H25-SUM(E26:G26)+D26 -> 3160.92 | I26: 215 | J26: HS
A27: 43039 | B27: Emily Scott (oct salary) | C27: 466 | F27: 202.71 | H27: =H26-SUM(E27:G27)+D27 -> 2958.21
A28: 43063 | B28: Emily Scott expenses | C28: 467 | G28: 15.84 | H28: =H27-SUM(E28:G28)+D28 -> 2942.37
A29: 43063 | B29: Jon Essam payroll | C29: 468 | E29: 15.3 | H29: =H28-SUM(E29:G29)+D29 -> 2927.07 | I29: 216 | J29: HS
A30: 43073 | B30: Stoke Doyle PCC | C30: 470 | E30: 100 | H30: =H29-SUM(E30:G30)+D30 -> 2827.07
A31: 43073 | B31: Stoke Doyle PCC | C31: 472 | E31: 40 | H31: =H30-SUM(E31:G31)+D31 -> 2787.07
A32: 43073 | B32: Pilton PCC | C32: 469 | E32: 100 | H32: =H31-SUM(E32:G32)+D32 -> 2687.07 | I32: 217 | J32: HS
A33: 43115 | B33: Emily Scott (Nov & Dec salary) | C33: 473 | F33: 405.62 | H33: =H32-SUM(E33:G33)+D33 -> 2281.45
A34: 43115 | B34: Emily Scott expenses | C34: 474 | G34: 15.84 | H34: =H33-SUM(E34:G34)+D34 -> 2265.61
A35: 43115 | B35: Jon Essam payroll | C35: 475 | E35: 90.6 | H35: =H34-SUM(E35:G35)+D35 -> 2175.01 | I35: 218 | J35: HS
A36: 43073 | B36: Wadenhoe PCC | C36: 471 | E36: 100 | H36: =H35-SUM(E36:G36)+D36 -> 2075.01 | I36: 219 | J36: HS
A37: 43171 | B37: Emily Scott (Jan & Feb salary and exp) | C37: 476 | F37: 405.62 | G37: 15.84 | H37: =H36-SUM(E37:G37)+D37 -> 1653.55 | I37: 220 | J37: HS
B38: TOTALS | D38: =SUM(D6:D37) -> 3800 | E38: =SUM(E6:E37) -> 1481.76 | F38: =SUM(F6:F37) -> 2489.92 | G38: =SUM(G6:G37) -> 63.36
B40: Reserve Account
A41: Date | D41: BANK INT | H41: TOTAL
A42: 42826 | B42: Reserve A/c Opening Balance | H42: 739.4 | I42: 74 | J42: HS
A43: 42853 | B43: Interest | D43: 0.01 | H43: =H42+D43 -> 739.41
A44: 42886 | B44: Interest | D44: 0.01 | H44: =H43+D44 -> 739.42
A45: 42916 | B45: Interest | D45: 0.01 | H45: =H44+D45 -> 739.43 | I45: 75 | J45: HS
A46: 42947 | B46: Interest | D46: 0.01 | H46: =H45+D46 -> 739.44
A47: 42978 | B47: Interest | D47: 0.01 | H47: =H46+D47 -> 739.45
A48: 43007 | B48: Interest | D48: 0.01 | H48: =H47+D48 -> 739.46 | I48: 76 | J48: HS
A49: 43039 | B49: Interest | D49: 0.01 | H49: =H48+D49 -> 739.47
A50: 43069 | B50: Interest | D50: 0.03 | H50: =H49+D50 -> 739.5
A51: 43098 | B51: Interest | D51: 0.03 | H51: =H50+D51 -> 739.53 | I51: 77 | J51: HS
A52: 43131 | B52: Interest | D52: 0.03 | H52: =H51+D52 -> 739.56
A53: 43159 | B53: Interest | D53: 0.03 | H53: =H52+D53 -> 739.59
A54: 43188 | B54: Interest | D54: 0.03 | H54: =H53+D54 -> 739.62 | I54: 78 | J54: HS
B55: TOTALS | D55: =SUM(D43:D54) -> 0.22
B57: Summary Income
B58: Precept | D58: =D38 -> 3800
B59: Bank Interest | D59: =D55 -> 0.22
B60: Total | D60: =SUM(D58:D59) -> 3800.22
B62: Summary Expenditure
B63: Clerks Salary | D63: =F38 -> 2489.92
B64: Clerks Expenses | D64: =G38 -> 63.36
B65: Sundry | D65: =E38 -> 1481.76
B66: Total | D66: =SUM(D63:D65) -> 4035.04
B68: Current Opening Balance 1/4/17 | D68: =H5 -> 1888.59
B69: Reserve Opening Balance 1/4/17 | D69: =H42 -> 739.4
B70: Plus Total Income | D70: =D60 -> 3800.22
B71: Less Total Expenditure | D71: =D66 -> 4035.04
D72: =D68+D69+D70-D71 -> 2393.17
B74: Current Closing Balance 31/3/18 | D74: =H37 -> 1653.55
B75: Reserve Closing Balance 31/3/18 | D75: =H54 -> 739.62
D76: =SUM(D74:D75) -> 2393.17
